 Dungeon Crawl Stone Soup version 0.30-a0-1160-g6e42c06551 (console) character file.

Game seed: 990919203054305927

15003 Ignak the Fighter (level 12, -4/107 (110) HPs)
             Began as an Ogre Hedge Wizard on Apr 27, 2023.
             Was an Elder of Okawaru.
             Slain by an orc warrior
             ... wielding a +0 scimitar
              (5 damage)
             ... on level 1 of the Orcish Mines.
             The game lasted 00:51:00 (18232 turns).

Ignak the Fighter (Ogre Hedge Wizard)              Turns: 18232, Time: 00:51:01

HP:   -4/107 (110)  AC:  9    Str: 18 (19) XL:     12   Next: 22%
MP:   15/33         EV: 10    Int: 13 (17) God:    Okawaru [****..]
Gold: 697           SH:  0    Dex:  6      Spells: 2/28 levels left

rFire   . . .        a - +6 morningstar
rCold   . . .        (no shield)
rNeg    + . .        C - +0 steam dragon scales
rPois   +            s - +1 hat
rElec   +            H - +1 cloak "Paxkiall" {rElec rN+ MP+9}
rCorr   .            (gloves unavailable)
SInv    .            (boots unavailable)
Will    +....        (no amulet)
Stlth   +            f - ring of poison resistance
HPRegen 0.37/turn    (no ring)
MPRegen 0.23/turn

%: no passive effects
@: wereblooded, on blink cooldown, studying Transmutations, lightly drained,
unable to drink
A: large, unfitting armour, tough skin 1, clumsy 1, deterioration 1, frail 1,
mutation resistance 1, inability to drink after injury 1
a: Renounce Religion, Heroism, Finesse


You were on level 1 of the Orcish Mines.
You worshipped Okawaru.
Okawaru was greatly pleased with you.
You visited 3 branches of the dungeon, and saw 13 of its levels.
You also visited: Bailey.

You collected 798 gold pieces.
You spent 101 gold pieces at shops.

Inventory:

Hand Weapons
 a - a +6 morningstar (weapon)
 b - a +2 great mace of protection
Missiles
 r - 4 poisoned darts
 w - 3 throwing nets (quivered)
Armour
 m - a +1 robe of fire resistance
 s - a +1 hat (worn)
 C - +0 steam dragon scales (worn)
 H - the +1 cloak "Paxkiall" (worn) {rElec rN+ MP+9}
   (You acquired it in a bailey)

   rElec:     It insulates you from electricity.
   rN:        It protects you from negative energy.
   MP:        It affects your magic capacity (+9).
Jewellery
 f - a ring of poison resistance (left hand)
Wands
 c - a wand of digging (3)
 j - a wand of charming (4)
 y - a wand of flame (55)
 D - a wand of acid (9)
 E - a wand of iceblast (20)
Scrolls
 e - 7 scrolls of teleportation
 i - a scroll of enchant weapon
 k - 2 scrolls of enchant armour
 l - 9 scrolls of fear
 n - 2 scrolls of poison
 p - 3 scrolls of fog
 x - 2 scrolls of blinking
 z - a scroll of silence
 A - 2 scrolls of identify
Potions
 d - a potion of magic
 g - 3 potions of heal wounds
 h - 3 potions of flight
 o - a potion of cancellation
 q - 2 potions of curing
 t - a potion of resistance {unknown}
 B - a potion of brilliance {unknown}
 F - a potion of haste {unknown}


   Skills:
 + Level 9.0 Fighting
 * Level 8.2 Maces & Flails
 * Level 3.0 Armour
 + Level 6.6 Dodging
 - Level 1.5 Stealth
 + Level 8.6 Spellcasting
 - Level 5.0 Conjurations
 - Level 1.0 Summonings
 - Level 3.0 Translocations
 - Level 4.0 Transmutations
 + Level 6.1 Ice Magic
 - Level 2.0 Air Magic
 - Level 2.0 Poison Magic
 + Level 4.7 Invocations


You had 2 spell levels left.
You knew the following spells:

 Your Spells              Type           Power      Damage    Failure   Level
a - Magic Dart            Conj           72%        1d6       1%          1
b - Blink                 Tloc           26%        N/A       6%          2
c - Frozen Ramparts       Ice            42%        1d7       3%          3
d - Mephitic Cloud        Conj/Pois/Air  13%        N/A       12%         3
e - Stone Arrow           Conj/Erth      24%        3d8       14%         3
f - Searing Ray           Conj           36%        2d5       2%          2
g - Hailstorm             Conj/Ice       20%        3d6       4%          3
h - Call Imp              Summ           16%        N/A       13%         2
t - Passwall              Tmut/Erth      8%         N/A       9%          2
x - Ozocubu's Armour      Ice            21%        N/A       3%          3
z - Wereblood             Tmut           16%        N/A       3%          2

Your spell library contained the following spells:

 Spells                   Type           Power      Damage    Failure   Level
 Freeze                   Ice            84%        1d9       1%          1
 Beastly Appendage        Tmut           32%        N/A       2%          1
 Ensorcelled Hibernation  Hex/Ice        26%        N/A       5%          2
 Cigotuvi's Dreadful Rot  Necr/Pois/Air  18%        N/A       12%         2
 Sandblast                Erth           10%        2d5       13%         1
 Slow                     Hex            20%        N/A       13%         1
 Spider Form              Tmut/Pois      13%        N/A       12%         3
 Ignite Poison            Fire/Tmut/Pois 10%        N/A       17%         3
 Swiftness                Air            10%        N/A       17%         3
 Portal Projectile        Hex/Tloc       18%        N/A       22%         3
 Fulminant Prism          Conj/Hex       6%         3d7       43%         4
 Sticky Flame             Conj/Fire      12%        2d4       43%         4
 Blade Hands              Tmut           8%         N/A       56%         5
 Metabolic Englaciation   Hex/Ice        6%         N/A       71%         5
 Ignition                 Fire           2%         3d3       100%        8
 Tukima's Dance           Hex            Unusable   N/A       N/A         3
 Simulacrum               Ice/Necr       Unusable   N/A       N/A         6

Dungeon Overview and Level Annotations

Branches:
Dungeon (10/15)            Temple (1/1) D:5            Lair (0/5) D:8
    Orc (2/2) D:10         Bailey (visited)
    Elf: Orc:2

Altars:
Cheibriados
Dithmenos
Elyvilon
Fedhas
Hepliaklqana
Kikubaaqudgha
Okawaru
Ru
Trog
Vehumet
Wu Jian
Xom
Yredelemnul
Zin
The Shining One

Shops:
D:2 *   D:4 =   D:8 (   D:9 :


Innate Abilities, Weirdness & Mutations

You are too large for most types of armour.
You have tough skin. (AC +1)
You are clumsy. (Dex -2)
Your body sometimes deteriorates upon taking damage.
You are frail. (-10% HP)
You are somewhat resistant to further mutation.
You occasionally lose the ability to drink potions when taking damage.


Message History

Your frozen ramparts will break if you move.
Continue?
Okay, then.
Your frozen ramparts will break if you move.
Continue?
The frozen ramparts melt away.
The orc warrior hits you from afar with a +0 glaive.
The orc sorcerer becomes larger for a moment.
The orc sorcerer casts a spell.
The orc priest calls upon Beogh to heal the orc warrior.
The orc warrior is healed somewhat.
The orc warrior hits you with a +0 scimitar!
* * * LOW HITPOINT WARNING * * *
The soul eater hits you!!
You feel threatened and lose the ability to drink potions!
* * * LOW HITPOINT WARNING * * *
You partially resist.
You feel drained.
* * * LOW HITPOINT WARNING * * *
You climb upwards.
There is a stone staircase leading down, spattered with blood here.
Casting: Hailstorm (mildly dangerous; 4% risk of failure)
Confirm with . or Enter, or press ? or * to list all spells.
You blink.
The orc priest calls upon Beogh to heal the orc warrior.
The orc warrior is healed somewhat.
Casting: Blink (safe; 6% risk of failure)
Confirm with . or Enter, or press ? or * to list all spells.
Aiming: Mephitic Cloud (dangerous; 12% risk of failure)
Press: ? - help, Shift-Dir - straight line, f - orc priest
Aim: an orc priest, wielding a +0 flail and wearing a +0 chain mail (moderately wounded, chance to affect: 86%) Out of range.
Okay, then.
Press: ? - help, v - describe, . - travel
Here: an orc priest, wielding a +0 flail and wearing a +0 chain mail (moderately wounded)
The floor.
The orc priest invokes the aid of Beogh against you.
Pain shoots through your body!
* * * LOW HITPOINT WARNING * * *
Things that are here:
a +0 short sword; an orc skeleton The orc warrior hits you with a +0 scimitar.
You die...

#.##.......####..........###
####...........##..........#.##
#<............................##
...............................##
.....................##.#>......#
........##..[.........#.##.......
.......####.........######......[
......###......)....###.#........
................@..o..##.....#..#
............[....o..>[[......#.##
##............##.[....####...###
#.............#.#...## ###.####
##.#........##.#...##### ##..#.
#####......#..[..####.# #.....
#......###.....###..## #.....
###.####.....[.##....###..... ###
#....#.[.#......##.....


You could see an orc warrior and an orc priest.

Vanquished Creatures
  An orc warlord (Orc:1)
  2 orc high priests (Orc:1)
  3 orc knights
  2 orc sorcerers (Orc:2)
  Maurice (Orc:1)
  Psyche (D:9)
  3 kobold demonologists
  A troll (D:10)
  A hornet (D:9)
  Sigmund (D:6)
  A wraith (D:9)
  A wyvern (D:10)
  A shadow (D:10)
  5 yaks
  3 vampire mosquitoes (D:10)
  3 steam dragons
  Menkaure (D:6)
  3 acid dragons (D:10)
  4 wargs
  3 water moccasins
  A black bear (D:6)
  20 orc warriors
  A sky beast (D:7)
  An ogre (Orc:1)
  5 centaurs
  A phantom (D:3)
  4 kobold brigands
  2 scorpions
  2 bullfrogs (D:7)
  6 wights
  11 killer bees
  4 electric eels (Bailey)
  2 howler monkeys
  A jelly (D:5)
  14 orc priests
  A sleepcap (D:5)
  A gnoll bouda (D:4)
  4 hounds
  22 orc wizards
  Natasha (thrice) (D:3)
  15 gnolls
  7 adders
  3 shadow imps
  3 ufetubi
  A worm (D:4)
  A dart slug (D:4)
  55 orcs
  9 ball pythons
  4 endoplasms
  3 giant cockroaches
  12 goblins
  10 hobgoblins
  4 jackals
  8 kobolds
  3 quokkas
  2 bats
  4 frilled lizards (D:1)
  6 rats
297 creatures vanquished.

Vanquished Creatures (collateral kills)
  A wight (D:3)
  A jelly (D:3)
  An adder (D:3)
  A bat (D:1)
  2 endoplasms
  2 goblins
  2 hobgoblins
  2 jackals
  A frilled lizard (D:1)
  A kobold (D:4)
14 creatures vanquished.

Vanquished Creatures (others)
  An electric eel (Bailey)
  A plant (D:8)
2 creatures vanquished.

Grand Total: 313 creatures vanquished

Notes
Turn   | Place    | Note
-------+----------+-------------------------------------------
     0 | D:1      | Ignak the Ogre Hedge Wizard began the quest for the Orb.
     0 | D:1      | Reached XP level 1. HP: 16/16 MP: 5/5
    92 | D:1      | Reached skill level 1 in Conjurations
    94 | D:1      | Reached skill level 1 in Translocations
   110 | D:1      | Reached skill level 1 in Summonings
   183 | D:1      | Reached XP level 2. HP: 24/24 MP: 6/6
   186 | D:1      | Learned a level 2 spell: Blink
   189 | D:1      | Learned a level 2 spell: Call Imp
   569 | D:1      | Reached XP level 3. HP: 32/32 MP: 8/8
   573 | D:1      | Learned a level 3 spell: Mephitic Cloud
  1251 | D:2      | You fall into a shaft and drop 1 floor!
  1280 | D:2      | Reached skill level 1 in Fighting
  1356 | D:2      | Found Higro's Assorted Antiques.
  1377 | D:2      | Bought a scroll labelled QIDU GEQEINUPT for 26 gold pieces
  1377 | D:2      | Bought a scroll labelled PAOFOMOTER for 26 gold pieces
  1377 | D:2      | Bought a scroll labelled JUMAINLO JEKUG for 26 gold pieces
  1902 | D:2      | Bought a gluggy blue potion for 23 gold pieces
  1966 | D:3      | Reached XP level 4. HP: 41/41 MP: 10/10
  2115 | D:3      | Learned a level 3 spell: Frozen Ramparts
  2144 | D:3      | Noticed Natasha
  2150 | D:3      | Killed Natasha
  2151 | D:3      | Reached XP level 5. HP: 49/49 MP: 7/11
  2547 | D:3      | Reached skill level 1 in Ice Magic
  2558 | D:3      | Reached skill level 2 in Fighting
  2558 | D:3      | Reached skill level 1 in Air Magic
  2566 | D:3      | Reached skill level 1 in Poison Magic
  2764 | D:3      | Noticed Natasha
  2776 | D:3      | Killed Natasha
  3013 | D:3      | Noticed Natasha
  3027 | D:3      | Killed Natasha
  3028 | D:3      | Reached XP level 6. HP: 49/58 MP: 9/12
  3064 | D:3      | Found an ornate altar of the Wu Jian Council.
  3183 | D:4      | Learned a level 2 spell: Passwall
  3827 | D:4      | Reached XP level 7. HP: 55/66 MP: 13/13
  3831 | D:4      | Learned a level 2 spell: Searing Ray
  3877 | D:4      | Found Yfizu's Jewellery Boutique.
  3920 | D:4      | Reached skill level 1 in Transmutations
  4132 | D:4      | Reached skill level 3 in Fighting
  4324 | D:3      | Noticed a spectral centipede
  4324 | D:3      | Noticed a spectral black mamba
  4324 | D:3      | Noticed a spectral cane toad
  4853 | D:5      | Entered Level 5 of the Dungeon
  4950 | D:5      | Reached skill level 1 in Maces & Flails
  4950 | D:5      | Reached skill level 5 in Spellcasting
  5051 | D:5      | Reached XP level 8. HP: 22/78 MP: 4/15
  5291 | D:5      | Found a hazy altar of Hepliaklqana.
  5292 | D:5      | Found a shimmering altar of Xom.
  5293 | D:5      | Noticed a spectral ugly thing
  5378 | D:5      | Noticed a yak
  5444 | D:5      | Reached skill level 4 in Fighting
  5610 | D:5      | Killed a yak
  5671 | D:5      | Learned a level 2 spell: Wereblood
  5768 | D:5      | Found a staircase to the Ecumenical Temple.
  5975 | D:5      | Found a basalt altar of Yredelemnul.
  6409 | D:5      | Found a snail-covered altar of Cheibriados.
  6656 | D:6      | Noticed Sigmund
  6671 | D:6      | Killed Sigmund
  6672 | D:6      | Reached skill level 5 in Fighting
  6672 | D:6      | Reached XP level 9. HP: 75/88 MP: 8/17
  6923 | D:6      | Noticed Menkaure
  6928 | D:6      | Killed Menkaure
  7777 | D:6      | Found a bloodstained altar of Trog.
  8363 | D:7      | Found a shadowy altar of Dithmenos.
  8376 | D:7      | Reached skill level 6 in Fighting
  8773 | D:7      | Gained mutation: You sometimes lose your temper in combat.
                  | [potion of mutation]
  8773 | D:7      | Gained mutation: You have hidden genetic potential. [potion
                  | of mutation]
  8774 | D:7      | Found a white marble altar of Elyvilon.
  8945 | D:8      | Reached skill level 5 in Maces & Flails
  8950 | D:8      | Found Lidoxoi's Weapon Boutique.
  8960 | D:8      | Reached XP level 10. HP: 47/98 MP: 9/19
  9584 | D:8      | Reached skill level 5 in Dodging
  9586 | D:8      | Found a staircase to the Lair.
  9685 | Temple   | Entered the Ecumenical Temple
  9693 | Temple   | Became a worshipper of Warmaster Okawaru
 10303 | D:9      | Found a radiant altar of Vehumet.
 10329 | D:9      | Noticed Psyche
 10396 | D:9      | Killed Psyche
 10479 | D:9      | Gained mutation: You have a pair of small antennae on your
                  | head. [hidden potential]
 10845 | D:9      | Lost mutation: You sometimes lose your temper in combat.
                  | [potion of mutation]
 10845 | D:9      | Lost mutation: You have a pair of small antennae on your
                  | head. [potion of mutation]
 10845 | D:9      | Gained mutation: You occasionally shout uncontrollably at
                  | your foes. [potion of mutation]
 10845 | D:9      | Gained mutation: You have large cloven feet. [potion of
                  | mutation]
 10845 | D:9      | Gained mutation: You occasionally lose the ability to drink
                  | potions when taking damage. [potion of mutation]
 10846 | D:9      | Lost mutation: You occasionally shout uncontrollably at
                  | your foes. [potion of mutation]
 10846 | D:9      | Lost mutation: You occasionally lose the ability to drink
                  | potions when taking damage. [potion of mutation]
 10846 | D:9      | Gained mutation: Your spells are a little easier to cast,
                  | but a little less powerful. [potion of mutation]
 10846 | D:9      | Gained mutation: You occasionally lose the ability to drink
                  | potions when taking damage. [potion of mutation]
 10972 | D:9      | Reached * piety under Okawaru
 10973 | D:9      | Reached skill level 1 in Invocations
 10980 | D:9      | Reached skill level 7 in Fighting
 11250 | D:9      | Found a blossoming altar of Fedhas.
 11331 | D:9      | Found Qoaximip's Book Emporium.
 11365 | D:9      | Found a glowing golden altar of the Shining One.
 11461 | D:9      | Found an ancient bone altar of Kikubaaqudgha.
 12058 | D:10     | Entered Level 10 of the Dungeon
 12212 | D:10     | Found a flagged portal.
 12223 | Bailey   | Entered a bailey
 12772 | Bailey   | Reached ** piety under Okawaru
 12773 | Bailey   | Reached skill level 5 in Conjurations
 12812 | Bailey   | Noticed a kobold demonologist
 12823 | Bailey   | Reached XP level 11. HP: 109/109 MP: 16/22
 12825 | Bailey   | Reached skill level 5 in Ice Magic
 13045 | Bailey   | Found an iron altar of Okawaru.
 13045 | Bailey   | Noticed an orc knight
 13048 | Bailey   | Noticed a soul eater
 13069 | Bailey   | Killed an orc knight
 13334 | Bailey   | Acquired the +1 cloak "Paxkiall" {rElec rN+ MP+9}
 13500 | D:10     | Gained mutation: You passively map a small area around you.
                  | [hidden potential]
 13500 | D:10     | Lost mutation: You have hidden genetic potential. [hidden
                  | potential expressed]
 13501 | D:10     | Lost mutation: You passively map a small area around you.
                  | [potion of mutation]
 13501 | D:10     | Lost mutation: Your spells are a little easier to cast, but
                  | a little less powerful. [potion of mutation]
 13501 | D:10     | Lost mutation: You have large cloven feet. [potion of
                  | mutation]
 13501 | D:10     | Gained mutation: You are frail. (-10% HP) [potion of
                  | mutation]
 13501 | D:10     | Gained mutation: Your body sometimes deteriorates upon
                  | taking damage. [potion of mutation]
 13501 | D:10     | Gained mutation: You are clumsy. (Dex -2) [potion of
                  | mutation]
 13501 | D:10     | Gained mutation: You are somewhat resistant to further
                  | mutation. [potion of mutation]
 13927 | D:9      | Reached *** piety under Okawaru
 13928 | D:9      | Reached skill level 8 in Fighting
 14717 | D:10     | Found a staircase to the Orcish Mines.
 15296 | Orc:1    | Entered Level 1 of the Orcish Mines
 15372 | Orc:1    | Reached **** piety under Okawaru
 15745 | Orc:2    | Entered Level 2 of the Orcish Mines
 15767 | Orc:2    | Noticed an orc high priest
 15818 | Orc:1    | Killed an orc high priest
 15819 | Orc:1    | Reached skill level 1 in Armour
 16272 | Orc:2    | Noticed an orc warlord
 16354 | D:10     | Learned a level 3 spell: Ozocubu's Armour
 16358 | D:10     | Learned a level 3 spell: Stone Arrow
 16422 | Orc:1    | Killed an orc warlord
 16480 | Orc:1    | Learned a level 3 spell: Hailstorm
 16497 | Orc:2    | Noticed an orc sorcerer
 16925 | Orc:2    | Killed an orc sorcerer
 16940 | Orc:2    | Noticed Maurice
 16949 | Orc:2    | Noticed an orc sorcerer
 16956 | Orc:2    | Noticed an orc high priest
 16966 | Orc:1    | HP: 4/101 [warg (12)]
 17245 | Orc:2    | Noticed an orc knight
 17266 | Orc:1    | Killed Maurice
 17267 | Orc:1    | Reached XP level 12. HP: 70/109 MP: 24/24
 17696 | Orc:1    | Killed an orc high priest
 17775 | Orc:2    | Reached skill level 9 in Fighting
 18228 | Orc:2    | Noticed a soul eater
 18228 | Orc:2    | HP: 4/107 [soul eater[an orc sorcerer] (3)]
 18229 | Orc:2    | Noticed a soul eater
 18231 | Orc:1    | HP: 1/107 [orc priest/nerve-wracking pain (4)]
 18232 | Orc:1    | Slain by an orc warrior

Illustrated notes

Levels and vault maps discovered:
D:1:      lightli_arrival_chessboard, layout_basic, nrook_uturn,
          skrybe_limestone_x
D:2:      minmay_door_path, layout_basic, serial_shops,
          nicolae_shop_behind_doors
D:3:      layout_rooms, pdpol_wu_jian_five_deadly_venoms, uniq_natasha
D:4:      layout_cave_pools, minmay_shop_enchanted_jewellery,
          hangedman_decor_push
D:5:      minmay_clustersquares, layout_loops_ring,
          regret_index_temple_of_mockery, mainiacjoe_overflow_alcove_4,
          mainiacjoe_overflow_alcove_2, minmay_temple_entry_arrows,
          nrook_loot_triangle
D:6:      layout_basic, trog_antimagical, serial_corexii_hall,
          corexii_hall_statues_l, chequers_hall_statues_y,
          corexii_hall_statues_deadend, corexii_hall_statues_l, uniq_sigmund,
          uniq_menkaure
D:7:      layout_cave_pools, nicolae_dithmenos_the_darkroom, elyvilon_altar_4
D:8:      layout_basic, erik_lair_orcish_takeover, serial_shops,
          nicolae_shop_bloodbath_and_beyond
D:9:      layout_stronghold, fedhas_altar_fruit_tree, lemuel_crystal_altar,
          fiery_altar_vehumet, mainiacjoe_overflow_surrounded_room,
          serial_shops, nicolae_shop_window_shopping, nicolae_sextant,
          uniq_psyche
D:10:     layout_irregular_city, orc_0_dummy, enter_bailey_2,
          palyth_stone_intersect
Temple:   eino_wide_crystal_templ
Orc:1:    layout_diamond_mine, abandoned_shop, nicolae_orc_crystal_geode
Orc:2:    st_orc_congregation, layout_diamond_mine, serial_shops, shop_statue,
          uniq_maurice

Skill      XL: |  1  2  3  4  5  6  7  8  9 10 11 12 |
---------------+-------------------------------------+-----
Conjurations   | 1 2 3 4 5 |  5.0
Translocations | 1 2 3 |  3.0
Summonings     | 1 |  1.0
Dodging        | 2 3 4 5 6 |  6.6
Fighting       | 1 2 3 5 6 7 8 9 |  9.0
Spellcasting   | 4 5 6 7 8 |  8.6
Ice Magic      | 1 2 3 4 5 6 |  6.1
Air Magic      | 1 2 |  2.0
Poison Magic   | 1 2 |  2.0
Transmutations | 1 3 4 |  4.0
Maces & Flails | 1 3 5 6 7 8 |  8.2
Invocations    | 2 4 |  4.7
Armour         | 2 3 |  3.0
Stealth        | |  1.5

Action                     |  1- 3 |  4- 6 |  7- 9 | 10-12 || total
---------------------------+-------+-------+-------+-------++-------
  Melee: Spear             |    30 |    27 |       |       ||    57
         Dagger            |    68 |    98 |    39 |       ||   205
         Punch             |     1 |     1 |       |     6 ||     8
         Morningstar       |       |       |   200 |   407 ||   607
         Kick              |       |       |       |    35 ||    35
         Great mace        |       |       |       |     4 ||     4
  Throw: Dart              |       |     4 |     8 |    18 ||    30
         Throwing net      |       |       |       |     1 ||     1
   Cast: Magic Dart        |     9 |     5 |       |    12 ||    26
         Call Imp          |     8 |    15 |     7 |       ||    30
         Mephitic Cloud    |     1 |     5 |    23 |    70 ||    99
         Frozen Ramparts   |       |     6 |    14 |    34 ||    54
         Blink             |       |     4 |     5 |    21 ||    30
         Passwall          |       |     2 |       |     2 ||     4
         Searing Ray       |       |       |     9 |     4 ||    13
         Wereblood         |       |       |     3 |    15 ||    18
         Hailstorm         |       |       |       |    20 ||    20
         Stone Arrow       |       |       |       |     5 ||     5
         Ozocubu's Armour  |       |       |       |     1 ||     1
 Invoke: Heroism           |       |       |       |     2 ||     2
         Finesse           |       |       |       |     1 ||     1
  Evoke: Wand              |       |       |     2 |     2 ||     4
    Use: Scroll            |     5 |       |     8 |     3 ||    16
         Potion            |     1 |     2 |     2 |     9 ||    14
   Stab: Sleeping          |     3 |     1 |     1 |       ||     5
         Distracted        |       |     1 |       |       ||     1
         Confused          |       |     1 |     7 |    22 ||    30
 Armour: Robe              |    36 |    43 |   113 |       ||   192
         Steam dragon scal |       |       |    11 |   119 ||   130
  Dodge: Dodged            |    50 |    67 |   192 |   237 ||   546

Table legend: (Time is in decaauts)
 A = Elapsed time spent in this place.
 B = Non-inter-level travel time spent in this place.
 C = Inter-level travel time spent in this place.
 D = Time resting spent in this place.
 E = Time spent auto-exploring this place.
 F = Levels seen in this place.
 G = Mean time per level.
                   A        B        C        D        E       F      G
               +--------+--------+--------+--------+--------+-----+--------+
         Total |  18425 |  18031 |    394 |   5876 |   6847 |  14 | 1316.1 |
       Dungeon |  14573 |  14180 |    393 |   3948 |   6467 |  10 | 1457.3 |
        Temple |     15 |     15 |      0 |      0 |      0 |   1 |   15.0 |
  Orcish Mines |   2668 |   2668 |      0 |   1513 |    227 |   2 | 1334.0 |
        Bailey |   1168 |   1168 |      0 |    415 |    153 |   1 | 1168.0 |
               +--------+--------+--------+--------+--------+-----+--------+

Top non-repeatable levels by time:
   Orc:1: 2459 daAuts
     D:9: 2368 daAuts
    D:10: 1808 daAuts
     D:5: 1788 daAuts
     D:3: 1606 daAuts
     D:6: 1558 daAuts
     D:8: 1244 daAuts
  Bailey: 1168 daAuts
     D:2: 1123 daAuts
     D:1: 1105 daAuts
     D:4: 1038 daAuts
     D:7: 932 daAuts
   Orc:2: 208 daAuts
  Temple: 15 daAuts
